 Dungeon Crawl Stone Soup version 0.30-a0-424-g7412bad402 (webtiles) character file.

Game seed: 15535161902688878485

1897 pokeman the Thaumaturge (level 8, -1/44 HPs)
             Began as a Deep Elf Hedge Wizard on Dec 9, 2022.
             Was a Follower of Vehumet.
             Killed by divine providence
             ... invoked by an orc priest
              (13 damage)
             ... on level 7 of the Dungeon.
             The game lasted 00:16:36 (7778 turns).

pokeman the Thaumaturge (Deep Elf Hedge Wizard)     Turns: 7778, Time: 00:16:37

Health: -1/44      AC:  6    Str:  7    XL:     8   Next: 93%
Magic:  16/25      EV: 13    Int: 22    God:    Vehumet [*.....]
Gold:   120        SH:  5    Dex: 16    Spells: 21/29 levels left

rFire   . . .      SeeInvis .    A - +2 sling (flame)
rCold   . . .      Faith    .    (no shield)
rNeg    + . .      Spirit   .    E - +0 leather armour of Wiolligg {+Blink Dex+2 Slay+2}
rPois   .          Reflect  +    I - +1 hat {Stlth+}
rElec   .          Harm     .    r - +0 cloak
rCorr   +          Rampage  .    (no gloves)
Will    .....                    F - +0 pair of boots
Stlth   +++.......               y - amulet of reflection
HPRegen 0.27/turn                b - ring of positive energy
MPRegen 0.19/turn                n - ring of resist corrosion

@: no status effects
A: no striking features
a: Renounce Religion, Evoke Blink


You were on level 7 of the Dungeon.
You worshipped Vehumet.
Vehumet was aware of your devotion.
You visited 2 branches of the dungeon, and saw 8 of its levels.

You collected 310 gold pieces.
You spent 190 gold pieces at shops.

Inventory:

Hand Weapons
 A - a +2 sling of flaming (weapon)
 B - a +1 dagger of chaos
Armour
 j - a +0 buckler
 r - a +0 cloak (worn)
 E - the +0 leather armour of Wiolligg (worn) {+Blink Dex+2 Slay+2}
   (You bought it in a shop on level 3 of the Dungeon)

   Dex:       It affects your dexterity (+2).
   Slay:      It affects your accuracy & damage with ranged weapons and melee
   (+2).
   +Blink:    It lets you blink.
 F - a +0 pair of boots (worn)
 I - a +1 hat of stealth (worn)
Magical Staves
 x - a staff of poison
Jewellery
 b - a ring of positive energy (left hand)
 n - a ring of resist corrosion (right hand)
 y - an amulet of reflection (around neck)
Wands
 a - a wand of flame (22)
 q - a wand of polymorph (10)
Scrolls
 g - a scroll of acquirement {unknown}
 h - 2 scrolls of amnesia {unknown}
 m - 4 scrolls of identify {unknown}
 p - 2 scrolls of fear {unknown}
 t - 2 scrolls of teleportation {unknown}
 v - a scroll of vulnerability {unknown}
 z - 2 scrolls of silence {unknown}
 C - 2 scrolls of enchant weapon {unknown}
 D - 2 scrolls of summoning {unknown}
 G - a scroll of torment {unknown}
 J - a scroll of immolation {unknown}
Potions
 c - a potion of berserk rage {unknown}
 d - a potion of magic
 e - a potion of ambrosia {unknown}
 f - 3 potions of brilliance {unknown}
 i - a potion of curing {unknown}
 k - a potion of might {unknown}
 l - 2 potions of cancellation {unknown}
 o - a potion of haste {unknown}
 s - a potion of lignification {unknown}
 u - 3 potions of degeneration {unknown}
 w - 3 potions of attraction {unknown}
 H - a potion of heal wounds


   Skills:
 - Level 2.0 Fighting
 + Level 2.2 Armour
 - Level 4.2 Dodging
 - Level 4.0 Stealth
 - Level 2.0 Shields
 * Level 11.0 Spellcasting
 + Level 5.9 Conjurations
 - Level 1.1 Summonings
 - Level 1.1 Translocations
 - Level 1.0 Air Magic
 - Level 1.1 Poison Magic
 - Level 1.1 Evocations


You had 21 spell levels left.
You knew the following spells:

 Your Spells              Type           Power      Damage    Failure   Level
a - Magic Dart            Conj           100%       1d8       1%          1
b - Mephitic Cloud        Conj/Pois/Air  23%        N/A       8%          3
c - Call Imp              Summ           16%        N/A       8%          2
d - Blink                 Tloc           32%        N/A       8%          2

Your spell library contained the following spells:

 Spells                   Type           Power      Damage    Failure   Level
 Shock                    Conj/Air       100%       1d9       1%          1
 Apportation              Tloc           32%        N/A       4%          1
 Slow                     Hex            48%        N/A       8%          1
 Cigotuvi's Dreadful Rot  Necr/Pois/Air  30%        N/A       9%          2
 Alistair's Intoxication  Tmut/Pois      9%         N/A       87%         5


Dungeon Overview and Level Annotations

Branches:
Dungeon (7/15)             Temple (1/1) D:4

Altars:
Ashenzari
Cheibriados
Elyvilon
Fedhas
Gozag
Hepliaklqana
Kikubaaqudgha
Makhleb
Nemelex Xobeh
Okawaru
Ru
Uskayaw
Vehumet
Xom

Shops:
D:3 *   D:5 (   D:6 *

Annotations:
D:5 Enemies behind rock


Message History

You shoot a sling bullet. The sling bullet hits the orc!
The sling bullet burns the orc.
You kill the orc!
Vehumet accepts your kill.
Unknown command.
Fire: A) +2 sling (flame)
Press: ? - help, Q - select action, (/) - cycle Shift-Dir - straight line, f/p - gnoll sergeant
Aim: a gnoll sergeant, wielding a +2 trident of flaming and wearing a +0 scale mail (severely wounded, confused, 83% to hit)
You shoot a sling bullet.
The sling bullet hits the gnoll sergeant.
The sling bullet burns the gnoll sergeant.
The gnoll sergeant is almost dead.
Your magical contamination has completely faded away.
Fire: A) +2 sling (flame)
Press: ? - help, Q - select action, (/) - cycle Shift-Dir - straight line, f/p - gnoll sergeant
Aim: a gnoll sergeant, wielding a +2 trident of flaming and wearing a +0 scale mail (severely wounded, confused, 83% to hit)
You shoot a sling bullet.
The sling bullet hits the gnoll sergeant.
The sling bullet burns the gnoll sergeant.
The gnoll sergeant is almost dead.
The gnoll sergeant hits you with a +2 trident of flaming.
* * * LOW HITPOINT WARNING * * *
The gnoll sergeant burns you.
* * * LOW HITPOINT WARNING * * *
The gnoll sergeant closely misses you.
There is an open door here.
Casting: Mephitic Cloud (dangerous; 8% risk of failure)
Confirm with . or Enter, or press ? or * to list all spells.
Aiming: Mephitic Cloud (dangerous; 8% risk of failure)
Press: ? - help, Shift-Dir - straight line, f/p - gnoll sergeant
Aim: a gnoll sergeant, wielding a +2 trident of flaming and wearing a +0 scale mail (almost dead, confused, chance to affect: 81%)
The ball explodes into a vile cloud!
The stinking cloud engulfs the gnoll sergeant but does no damage.
The gnoll sergeant is almost dead.
The stinking cloud engulfs the orc but does no damage.
The orc is moderately wounded.
The stinking cloud engulfs the gnoll but does no damage.
The orc priest invokes the aid of Beogh against you.
Beogh smites you!
You die...

#>...........#
#............#
#............#
#######............#####
........##'###..........
........#....#..........
........#....#..........
........#....+..........
........#....#..@.......
........#....#..........
........#....#.☼o.......
........#....#.gg.......
........# #.☼........
..####### ####o######.
..# #[....)...# ..#
#.....#g..# ..#
#.....#...#


You could see a gnoll sergeant (confused), an orc priest, a gnoll and an orc.

Vanquished Creatures
  Eustachio (D:6)
  2 water moccasins
  2 orc warriors (D:6)
  A sky beast (D:5)
  An ogre (D:7)
  A centaur (D:6)
  A bullfrog (D:6)
  A scorpion (D:6)
  Dowan (D:5)
  3 crimson imps (D:7)
  4 hounds
  4 orc priests
  A jelly (D:5)
  A gnoll bouda (D:7)
  5 iguanas
  3 orc wizards
  11 adders
  5 gnolls
  4 worms
  19 orcs
  7 endoplasms
  2 giant cockroaches (D:2)
  4 hobgoblins
  7 jackals
  3 quokkas
  5 ball pythons
  6 bats
  A frilled lizard (D:2)
  7 goblins
  2 kobolds
  9 rats
124 creatures vanquished.

Vanquished Creatures (collateral kills)
  A howler monkey (D:6)
  A gnoll (D:5)
  An orc (D:6)
3 creatures vanquished.

Grand Total: 127 creatures vanquished

Notes
Turn   | Place    | Note
-------+----------+-------------------------------------------
     0 | D:1      | pokeman the Deep Elf Hedge Wizard began the quest for the
                  | Orb.
     0 | D:1      | Reached XP level 1. HP: 10/10 MP: 7/7
    97 | D:1      | Found a faded altar of an unknown god.
   404 | D:1      | Reached XP level 2. HP: 15/15 MP: 5/9
  1262 | D:2      | Reached skill level 5 in Spellcasting
  1364 | D:2      | Reached XP level 3. HP: 20/20 MP: 5/11
  1368 | D:2      | Learned a level 3 spell: Mephitic Cloud
  1371 | D:2      | Learned a level 2 spell: Call Imp
  1374 | D:2      | Learned a level 2 spell: Blink
  1650 | D:2      | Reached skill level 1 in Fighting
  1650 | D:2      | Reached skill level 1 in Armour
  2341 | D:2      | Reached XP level 4. HP: 25/25 MP: 9/13
  2693 | D:3      | Found Usigireg's Assorted Antiques.
  3179 | D:3      | You fall into a shaft and drop 2 floors!
  3179 | D:5      | Entered Level 5 of the Dungeon
  3213 | D:5      | Reached skill level 1 in Shields
  3213 | D:5      | Reached skill level 6 in Spellcasting
  3213 | D:5      | Reached XP level 5. HP: 29/29 MP: 5/15
  3627 | D:5      | Noticed Dowan
  3627 | D:5      | Noticed Duvessa
  3772 | D:5      | Killed Dowan
  3773 | D:5      | Reached XP level 6. HP: 20/34 MP: 11/17
  3780 | D:5      | Duvessa changed into Duvessa the sky beast
  3780 | D:5      | Noticed Duvessa
  3904 | D:5      | Killed Duvessa the sky beast
  3905 | D:5      | Reached skill level 7 in Spellcasting
  4001 | D:5      | Found an iron altar of Okawaru.
  4566 | D:4      | Found a sacrificial altar of Ru.
  4902 | D:4      | Reached XP level 7. HP: 34/38 MP: 17/20
  5164 | D:4      | Found a staircase to the Ecumenical Temple.
  5170 | Temple   | Entered the Ecumenical Temple
  5289 | Temple   | Became a worshipper of Vehumet
  5443 | D:5      | Noticed a wraith
  5740 | D:5      | Reached skill level 1 in Air Magic
  5902 | D:5      | Found Ija Zuig's Weapon Shop.
  6044 | D:3      | Bought a bronze leather armour for 140 gold pieces
  6044 | D:3      | Identified the +0 leather armour of Wiolligg {+Blink Dex+2
                  | Slay+2} (You bought it in a shop on level 3 of the Dungeon)
  6091 | D:5      | Reached skill level 8 in Spellcasting
  6116 | D:6      | Reached skill level 1 in Poison Magic
  6289 | D:6      | Noticed Eustachio
  6306 | D:6      | Killed Eustachio
  6307 | D:6      | Reached skill level 1 in Evocations
  6491 | D:6      | Reached skill level 9 in Spellcasting
  6491 | D:6      | Reached XP level 8. HP: 25/43 MP: 13/23
  6659 | D:6      | Found Jetaobbu's General Store.
  6665 | D:6      | Bought a potion of heal wounds for 50 gold pieces
  6727 | D:6      | Reached skill level 5 in Conjurations
  6747 | D:6      | Reached skill level 10 in Spellcasting
  7223 | D:7      | Reached * piety under Vehumet
  7223 | D:7      | Offered knowledge of Shock by Vehumet.
  7346 | D:7      | Found a shimmering altar of Xom.
  7470 | D:7      | Found a blossoming altar of Fedhas.
  7568 | D:7      | Found a broken altar of Ashenzari.
  7735 | D:7      | Identified the +0 scale mail of Lies {Rampage Str+4 Int-4
                  | Dex+3}
  7748 | D:7      | Reached skill level 11 in Spellcasting
  7778 | D:7      | Killed from afar by an orc priest

Illustrated notes

Levels and vault maps discovered:
D:1:      onia_arrival_handbag, layout_basic,
          hellmonk_ecumenical_altar_pennies_from_heaven
D:2:      layout_basic
D:3:      layout_loops_ring, serial_shops,
          nicolae_shop_temple_entry_statues_fountains
D:4:      layout_basic, nicolae_ru_sacrificial_ziggurat,
          minmay_temple_entry_enclosed_plants
D:5:      layout_layer_cave, okawaru_metal_pillars_1_2, serial_shops,
          nicolae_shop_bloodbath_and_beyond, lightli_corner_chamber,
          uniq_duvessa
D:6:      layout_loops_ring, serial_shops, shop_fountains, uniq_eustachio
D:7:      layout_gridville, nicolae_ashenzari_panopticon,
          general_overflow_altar, led_xom_imps, mainiacjoe_overflow_alcove_4,
          st_stairs_14, hangedman_feature_mirror, columned_hall_lemuel
Temple:   nicolae_temple_figure_zero

Skill      XL: |  1  2  3  4  5  6  7  8 |
---------------+-------------------------+-----
Spellcasting   | 5 6 7 9 11 | 11.0
Fighting       | 1 2 |  2.0
Armour         | 1 2 |  2.2
Conjurations   | 2 3 4 5 |  5.9
Dodging        | 3 4 |  4.2
Shields        | 1 2 |  2.0
Air Magic      | 1 |  1.0
Stealth        | 4 |  4.0
Poison Magic   | 1 |  1.1
Evocations     | 1 |  1.1
Summonings     | |  1.1
Translocations | |  1.1

Action                   |  1- 3 |  4- 6 |  7- 9 || total
-------------------------+-------+-------+-------++-------
Melee: Dagger            |       |    13 |       ||    13
       Flail             |       |    30 |       ||    30
 Fire: Sling             |       |    28 |   137 ||   165
 Cast: Magic Dart        |   102 |    98 |    85 ||   285
       Mephitic Cloud    |       |    11 |    24 ||    35
       Call Imp          |       |     3 |     4 ||     7
       Blink             |       |       |     1 ||     1
Evoke: Wand              |       |     1 |       ||     1
 Stab: Confused          |       |     3 |       ||     3
Armor: Leather armour    |     5 |    19 |    19 ||    43
Dodge: Dodged            |     6 |    36 |    66 ||   108
Block: Other             |       |     2 |    19 ||    21

Table legend: (Time is in decaauts)
 A = Elapsed time spent in this place.
 B = Non-inter-level travel time spent in this place.
 C = Inter-level travel time spent in this place.
 D = Time resting spent in this place.
 E = Time spent auto-exploring this place.
 F = Levels seen in this place.
 G = Mean time per level.
                   A        B        C        D        E       F      G
               +--------+--------+--------+--------+--------+-----+--------+
         Total |   7866 |   7687 |    179 |    320 |   6094 |   8 |  983.2 |
       Dungeon |   7734 |   7567 |    167 |    320 |   5985 |   7 | 1104.9 |
        Temple |    132 |    120 |     12 |      0 |    109 |   1 |  132.0 |
               +--------+--------+--------+--------+--------+-----+--------+

Top non-repeatable levels by time:
     D:2: 1654 daAuts
     D:5: 1569 daAuts
     D:6: 1109 daAuts
     D:1: 946 daAuts
     D:4: 912 daAuts
     D:3: 901 daAuts
     D:7: 640 daAuts
  Temple: 132 daAuts
